 Dungeon Crawl Stone Soup version 0.16-b1 (webtiles) character file.

4603 dysrexia the Basher (level 10, 0/50 HPs)
             Began as a Vine Stalker Gladiator on Mar 3, 2015.
             Was an Elder of Okawaru.
             Killed from afar by an electric eel (5 damage)
             ... with a bolt of electricity
             ... on level 8 of the Dungeon.
             The game lasted 00:22:00 (4113 turns).

dysrexia the Basher (Vine Stalker Gladiator)        Turns: 4113, Time: 00:22:00

Health: 0/50       AC: 13    Str: 23    XL:     10   Next: 42%
Magic:  0/22       EV:  7    Int:  8    God:    Okawaru [****..]
Gold:   279        SH:  0    Dex: 16    Spells: 0 memorised, 9 levels left

rFire  . . .     SeeInvis .     a - +0 flail
rCold  . . .     Clarity  +     J - +0 plate armour
rNeg   . . .     SustAb   .     (no shield)
rPois  .         Gourm    .     c - +1 helmet
rElec  .         Spirit   +     (no cloak)
rCorr  +         Warding  .     k - +0 pair of gloves
rMut   .         Stasis   .     (no boots)
MR     +....                    h - amulet of resist corrosion
Stlth  ..........               G - ring of ice
                                b - ring of the Madman {rC- MP+9 Str+3 Slay+2}

@: somewhat resistant to hostile enchantments, extremely unstealthy
A: fangs 3, blurry vision 1, clarity, fire resistance 1, regeneration 2,
evolution 1, magic shield, antimagic bite, no device heal 3, rot immunity
a: Heroism, Renounce Religion


You were on level 8 of the Dungeon.
You worshipped Okawaru.
Okawaru was greatly pleased with you.
You were not hungry.

You visited 1 branch of the dungeon, and saw 8 of its levels.
You also visited: Sewer.

You collected 279 gold pieces.

Inventory:

Hand weapons
 a - a +0 flail (weapon)
 x - a +1 mace of holy wrath
Missiles
 d - 2 throwing nets (quivered)
 e - 2 stones
 r - 21 poisoned needles
Armour
 c - a +1 helmet (worn)
 k - a +0 pair of gloves (worn)
 y - a +0 chain mail
 J - a +0 plate armour (worn)
Jewellery
 b - the ring of the Madman (left hand) {rC- MP+9 Str+3 Slay+2}
   (You found it on level 4 of the Dungeon)

   [ring of magical power]

   It affects your strength (+3).
   It affects your accuracy and damage with ranged weapons and melee attacks
   (+2).
   It makes you vulnerable to cold.
   It affects your magic capacity (+9).
 h - an amulet of resist corrosion (around neck)
 A - an uncursed amulet of rage
 G - a ring of ice (right hand)
Magical devices
 o - a wand of flame (15)
Scrolls
 m - a scroll of immolation {unknown}
 p - a scroll of fear
 q - 2 scrolls of recharging
 z - a scroll of remove curse
 F - a scroll of noise {unknown}
 H - 3 scrolls of identify
 K - a scroll of enchant armour
Potions
 g - a potion of restore abilities {unknown}
 j - 2 potions of might
 n - 2 potions of curing
 s - a potion of berserk rage
 t - a potion of cure mutation {unknown}
 u - a potion of flight {unknown}
 w - a potion of beneficial mutation {unknown}
 I - a potion of magic {unknown}
Books
 v - a book of Unlife

   Spells                             Type                      Level
   a - Recall                         Summoning/Translocation      3
   b - Animate Dead                   Necromancy                   4
   c - Control Undead                 Necromancy                   4
   d - Cigotuvi's Embrace             Necromancy                   5
   e - Death Channel                  Necromancy                   6
   f - Simulacrum                     Ice/Necromancy               6
 B - a book of Fire

   Spells                             Type                      Level
   a - Ignite Poison                  Fire/Transmutation           5
   b - Fireball                       Conjuration/Fire             5
   c - Bolt of Fire                   Conjuration/Fire             6
   d - Delayed Fireball               Conjuration/Fire             7
   e - Ring of Flames                 Charms/Fire                  7
 D - a book of the Dragon

   Spells                             Type                      Level
   a - Flight                         Charms/Air                   3
   b - Cause Fear                     Hexes                        4
   c - Bolt of Fire                   Conjuration/Fire             6
   d - Dragon Form                    Transmutation                7
   e - Dragon's Call                  Summoning                    9
Comestibles
 f - 3 bread rations
 i - 5 meat rations
 l - 17 fruits
 C - 3 slices of pizza
 E - a chunk of flesh


   Skills:
 + Level 4.3 Fighting
 - Level 13.0 Maces & Flails
 - Level 1.7 Throwing
 - Level 2.4 Dodging


You had 9 spell levels left.
You didn't know any spells.

Dungeon Overview and Level Annotations

Branches:
Dungeon (8/15)             Temple (0/1) D:7            Lair (0/8) D:8

Altars:
Elyvilon
Okawaru


Innate Abilities, Weirdness & Mutations

You have razor-sharp teeth.
You heal very quickly.
When hurt, damage is shared between your health and your magic reserves.
Your bite disrupts and absorbs the magic of your enemies.
Potions and wands cannot restore your health.
You are immune to rotting.
Scrolls take you a little longer to read.
You possess an exceptional clarity of mind.
Your flesh is heat resistant.
You evolve.


Message History

The bolt of electricity misses you.
You enter the shallow water.
Moving in this stuff is going to be slow.
The electric eel shoots out a bolt of lightning at you!
The bolt of electricity hits you!
The electric eel shoots out a bolt of lightning at you!
The bolt of electricity hits you!
The electric eel shoots out a bolt of lightning at you!
The bolt of electricity hits you!
The electric eel shoots out a bolt of lightning at you!
The bolt of electricity hits you!
* * * LOW HITPOINT WARNING * * *
The electric eel shoots out a bolt of lightning at you!
The bolt of electricity hits you!
* * * LOW HITPOINT WARNING * * *
Read which item? (? for menu, Esc to quit)
You can't read that!
The electric eel shoots out a bolt of lightning at you!
The bolt of electricity hits you!
You die...

##.#..##..# ......≈≈ .≈≈≈;...##
#........###......≈≈≈≈≈.≈≈≈....<.
.##.#.##..#.##.#...≈≈≈≈.≈≈≈≈≈...#
##.........# #.#...≈≈≈....≈≈≈..##
......###..###.#..≈≈≈....≈≈≈≈≈.
......# #.........≈≈≈....≈≈≈≈≈≈
#...#.###.........$≈≈.....;≈≈≈≈
#......†..##.#....≈≈.≈.>.≈≈≈≈≈≈
#.....######.##.@.≈≈;....≈≈≈≈≈≈
####..# #..(..≈≈≈≈.≈.≈.≈ ≈
......## #.##....≈≈≈≈≈≈≈
.......## #.##....≈≈≈≈≈≈≈
####....# #.##..≈≈≈.≈.;≈≈ ###..#
#†##.......≈≈≈ #..# #)##.....≈.≈.
.. #### #..####.##.......≈ #
...###......(##...... .


You could see 2 electric eels.

Vanquished Creatures
  A centaur warrior (D:8)
  A troll (D:8)
  A two-headed ogre (D:8)
  2 wyverns (D:8)
  A hungry ghost (D:7)
  6 wolves (D:8)
  A hippogriff (D:8)
  An orc warrior (D:8)
  A phantom (D:8)
  An ogre (D:8)
  3 centaurs
  Duvessa (D:7)
  4 giant frogs
  A big kobold (D:7)
  2 scorpions (D:6)
  3 killer bees (D:7)
  Dowan (D:7)
  2 crimson imps (D:6)
  3 hounds
  2 orc priests (D:8)
  A centaur skeleton (D:5)
  3 iguanas (D:4)
  A centaur zombie (D:8)
  A giant frog skeleton (D:7)
  7 orc wizards
  2 worker ants
  8 adders
  12 gnolls
  5 giant mites
  3 worms (D:4)
  An adder zombie (D:8)
  7 giant geckos
  3 oozes
  20 orcs
  9 bats
  2 bat skeletons (D:7)
  A bat zombie (D:7)
  11 goblins
  11 hobgoblins
  15 jackals
  20 kobolds
  3 quokkas
  6 ball pythons
  11 giant cockroaches
  10 giant newts
  2 jackal skeletons
  A jackal zombie (D:7)
  9 rats
  A butterfly (D:7)
224 creatures vanquished.

Notes
Turn   | Place    | Note
--------------------------------------------------------------
     0 | D:1      | dysrexia, the Vine Stalker Gladiator, began the quest for the Orb.
     0 | D:1      | Reached XP level 1. HP: 11/11 MP: 1/1
   114 | D:1      | Reached skill level 3 in Maces & Flails
   121 | D:1      | Reached XP level 2. HP: 12/15 MP: 0/3
   253 | D:1      | Reached XP level 3. HP: 18/18 MP: 4/4
   313 | D:1      | Gained mutation: Your flesh is heat resistant. [potion of mutation]
   313 | D:1      | Gained mutation: Scrolls take you a little longer to read. [potion of mutation]
   313 | D:1      | Gained mutation: You evolve. [potion of mutation]
   455 | D:2      | Reached skill level 4 in Maces & Flails
   629 | D:2      | Reached XP level 4. HP: 23/23 MP: 5/5
   782 | D:3      | Gained mutation: You possess an exceptional clarity of mind. [evolution]
   868 | D:3      | HP: 1/23 [gnoll (7)]
  1114 | D:3      | Reached skill level 5 in Maces & Flails
  1114 | D:3      | Reached XP level 5. HP: 11/26 MP: 5/7
  1179 | D:3      | Found a glowing drain.
  1187 | Sewer    | Entered a sewer
  1549 | Sewer    | Reached skill level 6 in Maces & Flails
  1549 | Sewer    | Gained mutation: You heal very quickly. [vine stalker growth]
  1549 | Sewer    | Reached XP level 6. HP: 25/30 MP: 8/8
  1742 | D:4      | Got a transparent pewter ring
  1750 | D:4      | Identified the ring of the Madman {rC- MP+9 Str+3 Slay+2} (You found it on level 4 of the Dungeon)
  2029 | D:4      | Reached skill level 7 in Maces & Flails
  2029 | D:4      | Reached XP level 7. HP: 31/34 MP: 9/9
  2060 | D:4      | Found a white marble altar of Elyvilon.
  2154 | D:5      | Entered Level 5 of the Dungeon
  2335 | D:5      | Found an iron altar of Okawaru.
  2360 | D:5      | Became a worshipper of Warmaster Okawaru
  2582 | D:6      | Reached skill level 8 in Maces & Flails
  2787 | D:6      | Gained mutation: You have razor-sharp teeth. [vine stalker growth]
  2787 | D:6      | Reached XP level 8. HP: 38/38 MP: 11/11
  2883 | D:7      | Reached skill level 9 in Maces & Flails
  2984 | D:7      | Acquired Okawaru's first power
  3147 | D:7      | Noticed Duvessa
  3147 | D:7      | Noticed Dowan
  3153 | D:7      | Killed Duvessa
  3153 | D:7      | Reached skill level 10 in Maces & Flails
  3158 | D:7      | Killed Dowan
  3242 | D:7      | Reached XP level 9. HP: 37/42 MP: 12/12
  3267 | D:7      | Found a staircase to the Ecumenical Temple.
  3408 | D:8      | Reached skill level 11 in Maces & Flails
  3620 | D:8      | Noticed a centaur warrior
  3639 | D:8      | Killed a centaur warrior
  3639 | D:8      | Reached skill level 12 in Maces & Flails
  3719 | D:8      | Reached XP level 10. HP: 46/46 MP: 13/13
  3816 | D:8      | Reached skill level 13 in Maces & Flails
  3976 | D:8      | Found a staircase to the Lair.
  4113 | D:8      | Killed from afar by an electric eel

Action                   |  1- 3 |  4- 6 |  7- 9 | 10-12 || total
-------------------------+-------+-------+-------+-------++-------
Melee: Flail             |   105 |   217 |   233 |    86 ||   641
Throw: Throwing net      |       |       |       |     1 ||     1
  Use: Scroll            |     5 |     5 |     4 |       ||    14
       Potion            |     1 |       |     1 |       ||     2
  Eat: Chunk             |       |     4 |     7 |     2 ||    13
